 Dungeon Crawl Stone Soup version 0.26-a0-30-g56b8cd3df0 (webtiles) character file.

Game seed: 10706499048569358627, levelgen mode: deterministic

480 vurker the Firebug (level 6, -2/48 HPs)
             Began as a Demigod Fire Elementalist on June 4, 2020.
             Slain by an ogre
             ... wielding a +0 giant club
              (7 damage)
             ... on level 5 of the Dungeon.
             The game lasted 00:07:38 (4746 turns).

vurker the Firebug (Demigod Fire Elementalist)      Turns: 4746, Time: 00:07:39

Health: -2/48      AC:  4    Str: 11    XL:     6   Next: 55%
Magic:  11/14      EV: 12    Int: 23    God:
Gold:   221        SH:  0    Dex: 16    Spells: 7/12 levels left

rFire    . . .     SeeInvis .   l - +0 dagger
rCold    . . .     Gourm    .   (no shield)
rNeg     . . .     Faith    .   a - +0 robe
rPois    .         Spirit   .   (no helmet)
rElec    .         Reflect  .   s - +1 cloak
rCorr    .         Harm     .   (no gloves)
MR       .....                  (no boots)
Stlth    ++........             q - amulet of the acrobat
HPRegen  0.16/turn              (no ring)
MPRegen  0.14/turn              (no ring)

@: no status effects
A: high mp 1
a: no special abilities


You were on level 5 of the Dungeon.
You were hungry.

You visited 1 branch of the dungeon, and saw 5 of its levels.
You also visited: Sewer.

You collected 221 gold pieces.

Inventory:

Hand Weapons
 l - a +0 dagger (weapon)
   (You found it on level 2 of the Dungeon)
Armour
 a - a +0 robe (worn)
 s - a +1 cloak (worn)
   (You found it on level 4 of the Dungeon)
Jewellery
 q - an amulet of the acrobat (around neck)
   (You found it on level 3 of the Dungeon)
Scrolls
 c - a scroll of identify
 g - 5 scrolls of remove curse {unknown}
 h - a scroll of fog {unknown}
 j - 3 scrolls of teleportation {unknown}
 m - a scroll of noise {unknown}
 o - 3 scrolls of enchant armour {unknown}
 r - 2 scrolls of random uselessness {unknown}
Potions
 b - 4 potions of flight
 d - a potion of haste
 f - 4 potions of curing
 k - 3 potions of heal wounds
 n - a potion of berserk rage {unknown}
 p - a potion of lignification
 t - a potion of might {unknown}
Comestibles
 e - 6 rations


   Skills:
 + Level 2.1 Fighting
 - Level 1.7 Dodging
 - Level 1.7 Stealth
 * Level 3.5 Spellcasting
 * Level 3.5 Conjurations
 * Level 4.3 Fire Magic


You had 7 spell levels left.
You knew the following spells:

 Your Spells              Type           Power        Failure   Level  Hunger
a - Foxfire               Conj/Fire      ###.         2%          1    None
q - Sticky Flame          Conj/Fire      ###.....     22%         4    ####...

Your spell library contained the following spells:

 Spells                   Type           Power        Failure   Level  Hunger
 Conjure Flame            Conj/Fire      ###.....     6%          3    ###....
 Animate Skeleton         Necr           N/A          11%         1    None
 Apportation              Tloc           #.....       11%         1    None
 Corona                   Hex            #......      11%         1    None
 Summon Small Mammal      Summ           #...         11%         1    None
 Inner Flame              Hex/Fire       ##......     14%         3    ###....
 Fireball                 Conj/Fire      ###.......   52%         5    ######.


Dungeon Overview and Level Annotations

Branches:
Dungeon (5/15)              Sewer (visited)
 Temple: D:4-7

Shops:
D:2 *


Innate Abilities, Weirdness & Mutations

You have an increased reservoir of magic. (+10% MP)


Message History

There is a collapsed entrance here.
You enter the shallow water.
Moving in this stuff is going to be slow.
Found a plate armour.
o - 3 scrolls labeled HIOLUNE BATAE (gained 2)
You see here a plate armour.
Found 8 gold pieces.
You are feeling hungry.
Found a stone staircase leading down.
You now have 221 gold pieces (gained 8).
A worker ant zombie comes into view.
There is a stone staircase leading down here.
A worker ant zombie is nearby!
You conjure some foxfire!
You conjure some foxfire!
You conjure some foxfire!
The foxfire hits the worker ant zombie. x2
You conjure some foxfire!
The worker ant zombie bites you.
Nothing appears to happen.
The foxfire hits the worker ant zombie.
The worker ant zombie barely misses you.
The foxfire hits the worker ant zombie.
The worker ant zombie waves its antennae.
You conjure some foxfire!
The worker ant zombie closely misses you.
You conjure some foxfire!
The foxfire hits the worker ant zombie. x2
You destroy the worker ant zombie!
You conjure some foxfire!
There is a stone staircase leading down here.
An ogre and a crimson imp come into view.
There are monsters nearby!
The crimson imp shouts!
You hit the crimson imp but do no damage.
The ogre shouts!
You hear an angry hiss.
The crimson imp blinks!
The crimson imp barely misses you.
You conjure some foxfire!
The foxfire hits the ogre.
The crimson imp completely misses you.
Nothing appears to happen.
The crimson imp completely misses you.
Nothing appears to happen.
The ogre hits you with a +0 giant club! The crimson imp barely misses you.
Okay, then.
You hit the crimson imp.
The ogre hits you with a +0 giant club!!
Ouch! That really hurt!
* * * LOW HITPOINT WARNING * * *
The crimson imp closely misses you.
Unknown command.
You miss the crimson imp. The crimson imp hits you.
* * * LOW HITPOINT WARNING * * *
You barely miss the crimson imp. The ogre hits you with a +0 giant club!
You die...

.....####.##.#
.....# #.##.#
..(### #..#.##
...# ##.#..
...# #.#.##
#.#.#. #...#.
##..#.#####
#..#.O@5.#
##>#####.#
#.......#
#.####### #.#
#.# #.# #.#
#.#


You could see an ogre and a crimson imp.

Vanquished Creatures
  An ogre (D:4)
  A howler monkey (D:5)
  A centaur zombie (D:5)
  A hound (D:4)
  A jelly (D:5)
  An orc priest (D:4)
  An iguana (D:5)
  A hound zombie (D:5)
  A worker ant zombie (D:5)
  6 adders
  3 oozes
  5 worms
  3 dart slugs
  3 leopard geckos
  6 orcs (D:4)
  2 ball pythons (Sewer)
  8 bats
  5 giant cockroaches
  6 goblins
  9 hobgoblins
  11 jackals
  A kobold (D:2)
  A quokka (D:4)
  7 frilled lizards
  A quokka skeleton (D:4)
  18 rats
104 creatures vanquished.

Vanquished Creatures (collateral kills)
  A rat (D:1)
1 creature vanquished.

Vanquished Creatures (others)
  344 foxfires
344 creatures vanquished.

Grand Total: 449 creatures vanquished

Notes
Turn   | Place    | Note
-------+----------+-------------------------------------------
     0 | D:1      | vurker the Demigod Fire Elementalist began the quest for
                  | the Orb.
     0 | D:1      | Reached XP level 1. HP: 14/14 MP: 5/5
    42 | D:1      | Reached skill level 1 in Conjurations
   409 | D:1      | Reached XP level 2. HP: 22/22 MP: 0/7
   931 | D:1      | Reached skill level 3 in Fire Magic
  1362 | D:2      | Found Zin's Purification Station.
  1364 | D:2      | Found a glowing silver altar of Zin.
  1397 | D:2      | Reached XP level 3. HP: 27/27 MP: 5/8
  1652 | D:2      | Reached skill level 1 in Fighting
  2054 | D:3      | Reached XP level 4. HP: 35/35 MP: 4/10
  2259 | D:3      | Found a glowing golden altar of the Shining One.
  2301 | D:3      | Learned a level 4 spell: Sticky Flame
  2303 | D:3      | Noticed an ogre
  2479 | D:3      | Found a sacrificial altar of Ru.
  2480 | D:3      | Found a shattered altar of Ashenzari.
  2979 | D:4      | Noticed an ogre
  2992 | D:4      | Killed an ogre
  2992 | D:4      | Reached XP level 5. HP: 40/40 MP: 6/12
  3493 | D:5      | Entered Level 5 of the Dungeon
  3522 | D:5      | Reached skill level 4 in Fire Magic
  3524 | D:5      | Reached XP level 6. HP: 48/48 MP: 4/13
  3671 | D:5      | Found a glowing drain.
  3746 | Sewer    | Entered a sewer
  4746 | D:5      | Slain by an ogre

Illustrated notes

Levels and vault maps discovered:
D:1:      onia_arrival_handbag, layout_basic, minmay_heptomino_d4
D:2:      layout_rooms, zin_purify
D:3:      layout_rooms, nicolae_overflow_hidden_temple, lightli_corner_chamber
D:4:      layout_basic, kennysheep_generic_room_15
D:5:      layout_basic, yredelemnul_forgotten_temple_becter,
          minmay_temple_entry_mist, first_ration, serial_shops,
          nicolae_shop_competitors_out_of_business, portal_sewer_entry_a,
          minmay_shop_mayhem, guppyfry_early_lair_pool, uniq_duvessa

Skill      XL: |  1  2  3  4  5  6 |
---------------+-------------------+-----
Conjurations   | 1 2 3 |  3.5
Spellcasting   | 2 3 |  3.5
Fire Magic     | 3 4 |  4.3
Fighting       | 1 2 |  2.1
Dodging        | |  1.7
Stealth        | |  1.7

Action                   |  1- 3 |  4- 6 || total
-------------------------+-------+-------++-------
Melee: Unarmed           |    12 |       ||    12
       Dagger            |       |    15 ||    15
 Cast: Foxfire           |   102 |   141 ||   243
  Use: Scroll            |       |     7 ||     7
       Potion            |       |     1 ||     1
  Eat: Chunk             |     4 |     8 ||    12
Armor: Robe              |     7 |    14 ||    21
Dodge: Dodged            |    20 |    36 ||    56

Table legend:
 A = Non-vault XP
 B = Vault XP
 C = Vault XP percentage of total XP
 D = Non-vault monster count
 E = Vault monster count
 F = Vault count percentage of total count
                 A         B        C        D         E       F
            +---------+---------+-------+---------+---------+-------
      Total |     462 |     225 |  32.8 |      70 |      35 |  33.3
            +---------+---------+-------+---------+---------+-------
        D:1 |      16 |      12 |  42.9 |      10 |       8 |  44.4
        D:2 |      79 |       0 |   0.0 |      30 |       0 |   0.0
        D:3 |      13 |       0 |   0.0 |       6 |       0 |   0.0
        D:4 |     124 |     117 |  48.5 |      17 |       2 |  10.5
        D:5 |     230 |      43 |  15.8 |       7 |       6 |  46.2
      Sewer |       0 |      53 | 100.0 |       0 |      19 | 100.0
            +---------+---------+-------+---------+---------+-------
